 Dungeon Crawl Stone Soup version 0.28-a0-1415-g7c84da036a (webtiles) character file.

Game seed: 6748661214708814007

3 eustatius the Ducker (level 1, -1/10 HPs)
             Began as a Deep Elf Wanderer on Jan 8, 2022.
             Slain by a kobold (2 damage)
             ... on level 2 of the Dungeon.
             The game lasted 00:00:39 (140 turns).

eustatius the Ducker (Deep Elf Wanderer)             Turns: 140, Time: 00:00:39

Health: -1/10      AC:  3    Str:  9    XL:     1   Next: 41%
Magic:  5/5        EV: 14    Int: 13    God:
Gold:   0          SH:  0    Dex: 17    Spells: 3/3 levels left

rFire   . . .      SeeInvis .   a - +0 quarterstaff
rCold   . . .      Faith    .   (shield currently unavailable)
rNeg    . . .      Spirit   .   c - +0 leather armour
rPois   .          Reflect  .   (no helmet)
rElec   .          Harm     .   (no cloak)
rCorr   .          Rampage  .   (no gloves)
Will    .....                   (no boots)
Stlth   +.........              (no amulet)
HPRegen 0.03/turn               (no ring)
MPRegen 0.09/turn               (no ring)

@: no status effects
A: no striking features
a: no special abilities


You were on level 2 of the Dungeon.
You visited 1 branch of the dungeon, and saw 2 of its levels.

Inventory:

Hand Weapons
 a - a +0 quarterstaff (weapon)
Missiles
 b - 4 throwing nets (quivered)
Armour
 c - a +0 leather armour (worn)
Scrolls
 d - a scroll of teleportation


   Skills:
 + Level 2.0 Staves
 + Level 5.0 Dodging
 + Level 1.5 Spellcasting
 + Level 2.0 Invocations
 + Level 1.1 Evocations


You had 3 spell levels left.
You didn't know any spells.
Your spell library was empty.

Dungeon Overview and Level Annotations

Branches:
Dungeon (2/15)

Altars:


Message History

You hit the hobgoblin.
You kill the hobgoblin!
Your Dodging skill increases to level 5!
You open the door.
There is an open door here.
Found an escape hatch in the floor.
There is an escape hatch in the floor here.
Found a stone staircase leading down.
There is an escape hatch in the floor here.
You slide downwards.
The hatch slams shut behind you. The rat bites you. The rat closely misses you.
You barely miss the rat. The rat barely misses you.
You closely miss the rat. The rat closely misses you.
You barely miss the rat. The rat bites you.
You hit the rat.
The rat is severely wounded.
The rat bites you.
You hit the rat.
You kill the rat!
A hobgoblin comes into view.
You see here a rat corpse.
The hobgoblin shouts!
A quokka comes into view.
A kobold comes into view. It is wielding a +0 dagger.
An adder comes into view.
You barely miss the hobgoblin. The hobgoblin closely misses you. x2
You barely miss the hobgoblin. The hobgoblin barely misses you.
You closely miss the hobgoblin. The kobold closely misses you.
The hobgoblin hits you.
* * * LOW HITPOINT WARNING * * *
You barely miss the hobgoblin. The kobold hits you with a +0 dagger.
* * * LOW HITPOINT WARNING * * *
The hobgoblin barely misses you. The quokka completely misses you.
The kobold hits you but does no damage.
You hit the hobgoblin.
The hobgoblin is heavily wounded.
The quokka barely misses you. The hobgoblin misses you.
The kobold hits you with a +0 dagger.
You die...

..... .....#
......######
......S....#
...........#
...........#
......Kgr..#
.......@...#
....###.####
# #..# #.##
##†# ####..#
#....##
.....#..#
####....#


You could see an adder, a quokka, a hobgoblin and a kobold.

Vanquished Creatures
  An endoplasm (D:1)
  A hobgoblin (D:1)
  A rat (D:2)
3 creatures vanquished.

Notes
Turn   | Place    | Note
-------+----------+-------------------------------------------
     0 | D:1      | eustatius the Deep Elf Wanderer began the quest for the
                  | Orb.
     0 | D:1      | eustatius set off with the following items: a +0
                  | quarterstaff, 4 throwing nets, a +0 leather armour, a
                  | scroll of teleportation
     0 | D:1      | Reached XP level 1. HP: 10/10 MP: 5/5
    63 | D:1      | Reached skill level 5 in Dodging
   140 | D:2      | Slain by a kobold

Illustrated notes

Levels and vault maps discovered:
D:1:      dpeg_arrival_long_road, layout_loops_corners,
          ebering_ecumenical_altar_box
D:2:      layout_rooms

Skill      XL: |  1 |
---------------+----+-----
Dodging        | 5 |  5.0
Staves         | |  2.0
Spellcasting   | |  1.5
Invocations    | |  2.0
Evocations     | |  1.1

Action                   || total
-------------------------++-------
Melee: Quarterstaff      ||    17
Armor: Leather armour    ||     1
Dodge: Dodged            ||    17

Table legend: (Time is in decaauts)
 A = Elapsed time spent in this place.
 B = Non-inter-level travel time spent in this place.
 C = Inter-level travel time spent in this place.
 D = Time resting spent in this place.
 E = Time spent auto-exploring this place.
 F = Levels seen in this place.
 G = Mean time per level.
                   A        B        C        D        E       F      G
               +--------+--------+--------+--------+--------+-----+--------+
         Total |    143 |    141 |      2 |      0 |     36 |   2 |   71.5 |
       Dungeon |    143 |    141 |      2 |      0 |     36 |   2 |   71.5 |
               +--------+--------+--------+--------+--------+-----+--------+

Top non-repeatable levels by time:
     D:1: 123 daAuts
     D:2: 19 daAuts
